 Dungeon Crawl Stone Soup version 0.20.1-1-g8b1a95d (webtiles) character file.

1222 Sayu92 the Cudgeler (level 8, -2/52 HPs)
             Began as a Gargoyle Fighter on Dec 12, 2017.
             Was a Follower of Okawaru.
             Killed from afar by a steam dragon (4 damage)
             ... with a ball of steam
             ... on level 6 of the Dungeon.
             The game lasted 00:27:52 (4408 turns).

Sayu92 the Cudgeler (Gargoyle Fighter)              Turns: 4408, Time: 00:27:52

Health: -2/52      AC: 23    Str: 22    XL:     8   Next: 47%
Magic:  8/8        EV:  4    Int:  9    God:    Okawaru [*.....]
Gold:   272        SH:  9    Dex:  9    Spells: 7/7 levels left

rFire    . . .     SeeInvis .   a - +1 flail
rCold    + . .     Gourm    +   c - +0 shield
rNeg     + . .     Faith    .   x - +0 plate armour
rPois    ∞         Spirit   .   v - +0 helmet
rElec    +         Reflect  .   p - scarf {repulsion}
rCorr    .         Harm     .   w - +1 pair of gloves
MR       .....                  A - +0 pair of boots
Stlth    ..........             l - amulet of the gourmand
Regen    0.2/turn               s - ring of protection from cold
MPRegen  0.2/turn               (no ring)

@: repel missiles
A: negative energy resistance 1, electricity resistance, unbreathing,
petrification resistance, rot immunity, AC +5
a: Heroism, Renounce Religion


You were on level 6 of the Dungeon.
You worshipped Okawaru.
Okawaru was aware of your devotion.
You were very full.

You visited 1 branch of the dungeon, and saw 6 of its levels.

You collected 272 gold pieces.

Inventory:

Hand Weapons
 a - a +1 flail (weapon)
Missiles
 b - 2 throwing nets
 g - 4 tomahawks (quivered)
Armour
 c - a +0 shield (worn)
 p - a scarf of repulsion (worn)
 v - a +0 helmet (worn)
 w - a +1 pair of gloves (worn)
 x - a +0 plate armour (worn)
 A - a +0 pair of boots (worn)
Jewellery
 l - an amulet of the gourmand (around neck)
 s - a ring of protection from cold (left hand)
Scrolls
 e - 5 scrolls of remove curse
 h - a scroll of recharging
 k - a scroll of enchant weapon
 y - a scroll of magic mapping
Potions
 d - a potion of might
 m - a potion of agility
 n - a potion of lignification
 q - a potion of haste
 r - a potion of cancellation {unknown}
 t - a potion of degeneration {unknown}
 u - a potion of mutation {unknown}
Comestibles
 f - 6 bread rations
 i - 3 royal jellies
 o - 9 fruits
 z - a meat ration


   Skills:
 + Level 6.3 Fighting
 * Level 7.0 Maces & Flails
 + Level 6.6 Armour
 - Level 3.2 Shields


You had 7 spell levels left.
You didn't know any spells.

Dungeon Overview and Level Annotations

Branches:
Dungeon (6/15)
 Temple: D:4-7

Altars:
Fedhas
Kikubaaqudgha
Makhleb
Okawaru
Qazlal
Uskayaw
Yredelemnul

Shops:
D:5 (


Innate Abilities, Weirdness & Mutations

You are resistant to torment.
Your stone body is resilient. (AC +5)
You are immune to poison.
You resist negative energy. (rN+)
You are resistant to electric shocks. (rElec)
You can survive without breathing.
You are immune to petrification.
You are immune to rotting.


Message History

The steam dragon bites you.
* * * LOW HITPOINT WARNING * * *
You block the steam dragon's attack.
The steam dragon bites you but does no damage.
The steam dragon claws you but does no damage.
You sock the orc!
You kill the orc!
Okawaru accepts your kill. You block the steam dragon's attack.
The steam dragon claws you.
* * * LOW HITPOINT WARNING * * *
The steam dragon bites you.
* * * LOW HITPOINT WARNING * * *
You block the steam dragon's attack. The steam dragon breathes steam at you.
The ball of steam misses the steam dragon.
The ball of steam hits you!
* * * LOW HITPOINT WARNING * * *
The steam dragon breathes steam at you. The ball of steam hits you!
You die...

***,,,,,,,,,,,,,,,******,,,,,,*
**,,,,,,,,,,,,*##.** *,,,,,,*
**,,,,,,,,,,,,*#..* #.Z,,,,*
,*,,,,,,,,,,,,*#.#* *...,,,*
,,,,,,,,,>,,,**#.# *...,,,*
,,,,,,,,,,,,,,,..###** ###.######
,,***,***,*****#...,.###........#
,,***,**,,* ##)#**............#
,,,,,,*,,** ##D@# ****#........#
***####*######§D## ##...<....#
##≈≈.##..D.§...# ##.....#####
#≈≈...#..###.#.# ##.)....#
**#§§8.....##....## #.......#
,*#≈§...#D###.....# ####....#
,#≈....##.DD.######### #....#
*#≈.####.§§..§## ##∩####...#
,#≈,,*#.......(# ##._.#.....#


You could see 2 steam dragons.

Vanquished Creatures
  Eustachio (D:4)
  An ice beast (D:5)
  A necrophage (D:6)
  A phantom (D:4)
  2 centaurs
  Blork the orc (D:5)
  A scorpion (D:5)
  A crimson imp (D:5)
  2 orc wizards (D:3)
  A gnoll shaman (D:5)
  2 iguanas
  7 worker ants
  A hound skeleton (D:6)
  5 adders
  3 gnolls (D:5)
  2 shadow imps
  An ooze (D:2)
  An adder skeleton (D:4)
  An adder zombie (D:5)
  2 worms (D:3)
  A dart slug (D:1)
  4 leopard geckos
  11 orcs
  3 giant cockroaches
  7 goblins
  6 hobgoblins
  14 jackals
  2 kobolds
  A quokka (D:2)
  2 ball pythons
  7 bats
  3 frilled lizards
  2 gnoll zombies (D:4)
  A leopard gecko zombie (D:5)
  A quokka zombie (D:6)
  13 rats
115 creatures vanquished.

Notes
Turn   | Place    | Note
-------+----------+-------------------------------------------
     0 | D:1      | Sayu92 the Gargoyle Fighter began the quest for the Orb.
     0 | D:1      | Reached XP level 1. HP: 14/14 MP: 1/1
    75 | D:1      | Reached XP level 2. HP: 19/19 MP: 2/2
   571 | D:2      | Reached XP level 3. HP: 23/23 MP: 3/3
   584 | D:2      | Found an ancient bone altar of Kikubaaqudgha.
   640 | D:2      | Found a hide-covered altar of Uskayaw.
   799 | D:2      | Reached skill level 3 in Maces & Flails
   846 | D:2      | Reached XP level 4. HP: 27/29 MP: 4/4
  1772 | D:3      | Reached XP level 5. HP: 23/33 MP: 5/5
  2177 | D:4      | Reached skill level 4 in Maces & Flails
  2265 | D:4      | Noticed Eustachio
  2292 | D:4      | Killed Eustachio
  2292 | D:4      | Reached skill level 5 in Armour
  2292 | D:4      | Reached XP level 6. HP: 37/39 MP: 6/6
  2531 | D:4      | Found a blossoming altar of Fedhas.
  2773 | D:4      | Reached skill level 5 in Fighting
  2773 | D:4      | Reached skill level 5 in Maces & Flails
  2773 | D:4      | Reached XP level 7. HP: 34/44 MP: 7/7
  3391 | D:4      | Found a basalt altar of Yredelemnul.
  3441 | D:5      | Entered Level 5 of the Dungeon
  3506 | D:5      | Found an iron altar of Okawaru.
  3518 | D:5      | Became a worshipper of Warmaster Okawaru
  3550 | D:5      | Found a stormy altar of Qazlal.
  3875 | D:5      | Reached skill level 6 in Maces & Flails
  3875 | D:5      | Reached XP level 8. HP: 51/51 MP: 8/8
  3943 | D:5      | Noticed Blork the orc
  3964 | D:5      | Killed Blork the orc
  4117 | D:5      | Found Isaaca's Weapon Shop.
  4332 | D:6      | Found a burning altar of Makhleb.
  4360 | D:6      | Reached * piety under Okawaru
  4360 | D:6      | Reached skill level 7 in Maces & Flails
  4408 | D:6      | HP: 2/52 [something/ball of steam (2)]
  4408 | D:6      | Killed from afar by a steam dragon

Skill      XL: |  1  2  3  4  5  6  7  8 |
---------------+-------------------------+-----
Armour         | 4 5 6 |  6.6
Maces & Flails | 3 4 5 6 7 |  7.0
Fighting       | 4 5 6 |  6.3
Shields        | |  3.2

Action                   |  1- 3 |  4- 6 |  7- 9 || total
-------------------------+-------+-------+-------++-------
Melee: Flail             |   129 |   191 |   229 ||   549
  Use: Scroll            |       |     7 |     2 ||     9
       Potion            |       |     2 |     3 ||     5
  Eat: Chunk             |       |    14 |     7 ||    21
Armor: Scale mail        |    56 |   105 |    60 ||   221
       Ring mail         |       |    21 |       ||    21
       Plate armour      |       |       |   145 ||   145
Dodge: Dodged            |    44 |    79 |    55 ||   178
       Deflected         |       |     1 |       ||     1
Block: Shield            |    59 |   101 |   111 ||   271
